AoeStats
← danimaocortes

Arabia

509805152Analyzed
1v1 RM · 6d ago on Sep 28, 2026· 48m 3s· 2 players
Game mode
Random Map
Map size
Tiny (2 player)
Population
200
Speed
Normal
Resources
Standard
Victory
Conquest
Starting age
Dark Age
Ending age
Imperial Age
RankedLock teamsTeams togetherTeam positionsShared explorationLock speedFull tech treeHidden civsTurbo modeCheats
Victory
Defeat
🇺🇸 Teutons · United States
711
+17
🇨🇴 Mongols · Colombia
737
-17
Herr Samsa
10:42 Feudal Age
11:24 Double-Bit Axe
11:49 Horse Collar
18:57 Castle Age
19:43 Wheelbarrow
20:18 Bloodlines
23:51 Hand Cart
23:34 Pikeman
24:16 Squires
26:00 Forging
26:57 Scale Barding Armor
28:57 Chain Barding Armor
29:55 Loom
32:13 Heavy Plow
32:31 Bow Saw
32:08 Town Watch
32:53 Town Patrol
40:56 Imperial Age
38:06 Man-at-Arms
38:32 Gambesons
38:32 Arson
39:52 Iron Casting
39:18 Scale Mail Armor
39:19 Long Swordsman
41:00 Cavalier
42:45 Two-Handed Swordsman
43:24 Halberdier
44:24 Champion
45:51 Capped Ram
46:20 Paladin
danimaocortes
7:37 Loom
10:07 Feudal Age
10:48 Double-Bit Axe
20:03 Castle Age
19:44 Bloodlines
19:47 Scale Barding Armor
24:04 Horse Collar
27:57 Chain Barding Armor
30:01 Forging
32:28 Gold Mining
33:56 Wheelbarrow
32:45 Pikeman
36:00 Husbandry
36:36 Iron Casting
38:54 Imperial Age
36:41 Hand Cart
38:46 Fletching
38:57 Padded Archer Armor
44:25 Murder Holes
43:58 Light Cavalry
45:41 Blast Furnace
Connection lost

Rejoining the realm…

Still unreachable

The connection could not be restored.

Session expired

The server has moved on; the page needs a fresh start.